 Dungeon Crawl Stone Soup version 0.27-a0-1200-g94dc6ad4cf (webtiles) character file.

Game seed: 3606351880276636869

16328 siradein the Thrower (level 12, -15/107 HPs)
             Began as a Troll Hunter on June 1, 2021.
             Was an Elder of Hepliaklqana.
             Demolished by a minotaur
             ... wielding a +0 dagger
              (20 damage)
             ... in a Gauntlet on June 2, 2021.
             The game lasted 00:34:46 (11157 turns).

siradein the Thrower (Troll Hunter)                Turns: 11157, Time: 00:34:47

Health: -15/107    AC: 17    Str: 27    XL:     12   Next: 9%
Magic:  13/13      EV: 11    Int:  7    God:    Hepliaklqana [****..]
Gold:   651        SH:  0    Dex: 16    Spells: 11/11 levels left

rFire    x . .     SeeInvis +     - Unarmed
rCold    + + .     Faith    .   (no shield)
rNeg     . . .     Spirit   .   F - +3 ice dragon scales
rPois    .         Reflect  .   (helmet restricted)
rElec    .         Harm     .   p - +0 cloak
rCorr    .         Rampage  .   (gloves unavailable)
Will     .....     NoTele   +   (boots unavailable)
Stlth    ..........             (no amulet)
HPRegen  1.27/turn              H - ring of see invisible
MPRegen  0.13/turn              C - +6 ring of dexterity

@: no status effects
A: reduced essence, large, unfitting armour, claws 3, regeneration 1, shaggy fur
1, tough skin 1
a: Renounce Religion, Recall Ancestor, Ancestor Identity, Transference, Idealise


You were in a Gauntlet.
You worshipped Hepliaklqana.
Hepliaklqana was greatly pleased with you.
You visited 3 branches of the dungeon, and saw 13 of its levels.
You also visited: Sewer, Bailey and Gauntlet.

You collected 651 gold pieces.

Inventory:

Hand Weapons
 j - a +0 hunting sling
Missiles
 c - 8 large rocks
 d - 3 throwing nets
 g - 62 poisoned darts (quivered)
 h - 312 stones
 t - 5 atropa-tipped darts
 y - 13 sling bullets
 z - 4 curare-tipped darts
Armour
 p - a +0 cloak (worn)
 F - +3 ice dragon scales (worn)
 L - a +0 troll leather armour
Jewellery
 f - a +6 ring of intelligence
 o - a ring of magical power
 C - a +6 ring of dexterity (right claw)
 E - a ring of magical power
 H - a ring of see invisible (left claw)
 M - a ring of resist corrosion
 N - the ring of Modesty {rN++ Will+ Slay-2}
   (You found it in a Gauntlet)

   [ring of willpower]

   It affects your accuracy and damage with ranged weapons and melee attacks
   (-2).
   It greatly protects you from negative energy.
   It increases your willpower.
Wands
 a - a wand of iceblast (10)
 B - a wand of digging (6)
 D - a wand of flame (17)
Scrolls
 e - 2 scrolls of fear
 i - a scroll of amnesia {unknown}
 k - 4 scrolls of immolation
 n - 2 scrolls of magic mapping {unknown}
 s - 6 scrolls of teleportation
 v - 3 scrolls of blinking {unknown}
 w - a scroll of fog {unknown}
 x - a scroll of summoning {unknown}
 A - 2 scrolls of vulnerability {unknown}
 I - a scroll of torment {unknown}
Potions
 b - 2 potions of mutation {unknown}
 l - 4 potions of curing
 m - 2 potions of invisibility
 q - 2 potions of heal wounds
 r - 2 potions of magic
 u - 2 potions of haste
 G - a potion of brilliance
 J - a potion of resistance
 K - a potion of attraction {unknown}


   Skills:
 + Level 8.0 Fighting
 + Level 9.4 Throwing
 + Level 4.5 Armour
 + Level 8.1 Dodging
 - Level 0.3 Stealth
 + Level 9.4 Unarmed Combat
 + Level 3.1 Invocations


You had 11 spell levels left.
You didn't know any spells.
Your spell library contained the following spells:

 Spells                   Type           Power      Damage    Failure   Level
 Magic Dart               Conj           0%         1d3       75%         1
 Blink                    Tloc           N/A        N/A       87%         2
 Call Imp                 Summ           0%         N/A       87%         2
 Corpse Rot               Necr/Air       N/A        N/A       87%         2
 Passwall                 Tmut/Erth      0%         N/A       87%         2
 Searing Ray              Conj           0%         3d3       87%         2
 Slow                     Hex            0%         N/A       87%         2
 Conjure Flame            Conj/Fire      0%         6-21      98%         3
 Mephitic Cloud           Conj/Pois/Air  0%         N/A       98%         3


Dungeon Overview and Level Annotations

Branches:
Dungeon (11/15)            Temple (1/1) D:5            Lair (1/6) D:9
  Sewer (visited)          Bailey (visited)         Gauntlet (1/1)
    Orc: D:9-12

Altars:
Ashenzari
Cheibriados
Dithmenos
Elyvilon
Fedhas
Gozag
Hepliaklqana
Kikubaaqudgha
Makhleb
Nemelex Xobeh
Okawaru
Qazlal
Ru
Sif Muna
Trog
Uskayaw
Vehumet
Wu Jian
Xom
Yredelemnul
Zin
The Shining One

Shops:
D:1 *   D:5 !   D:6 *   D:8 *(=[?

Annotations:
D:7 3 runed translucent doors, indyram44's ghost, novice DsGl Gauntlet 8 transporters


Innate Abilities, Weirdness & Mutations

Your life essence is reduced to manifest your ancestor. (-10% HP)
You are too large for most types of armour.
You have claws for hands.
Your natural rate of healing is unusually fast.
You are covered in fur. (AC +1)
You have tough skin. (AC +1)


Message History

You throw a poisoned dart. The poisoned dart hits the minotaur.
The minotaur looks even sicker.
The minotaur is lightly wounded.
The minotaur hits you with a +0 dagger!!
The minotaur gores you.
You barely miss the minotaur.
The minotaur furiously retaliates!
The minotaur headbutts you, but does no damage.
The minotaur is lightly wounded.
The minotaur hits you with a +0 dagger. The minotaur gores you.
You scratch the minotaur but do no damage.
The minotaur is lightly wounded.
The minotaur hits you but does no damage.
The minotaur gores you but does no damage.
You mangle the minotaur!! Your claw misses the minotaur.
The minotaur is moderately wounded.
Your ice dragon scales prevents you from hitting the minotaur.
The minotaur furiously retaliates!
The minotaur headbutts you!
The minotaur is moderately wounded.
The minotaur closely misses you. x2
You claw the minotaur!
The minotaur is heavily wounded.
The minotaur hits you with a +0 dagger!!
The minotaur barely misses you.
Eater-of-Dicks gestures at the minotaur while chanting.
The minotaur resists with almost no effort.
You are too injured to fight recklessly!
You are too injured to fight recklessly!
You are too injured to fight recklessly!
You barely miss the minotaur.
The minotaur is heavily wounded.
The minotaur hits you with a +0 dagger!!
* * * LOW HITPOINT WARNING * * *
The minotaur gores you!
* * * LOW HITPOINT WARNING * * *
You closely miss the minotaur.
The minotaur furiously retaliates!
The minotaur headbutts you.
* * * LOW HITPOINT WARNING * * *
The minotaur is heavily wounded.
The minotaur hits you with a +0 dagger!!
You die...

...8.####.# .....≈##..#
##..§##...# u#...#....#
########## .#...#.8©.#
#........#
$#...#....####.######.#
©#.8.#.8©....#.# #.#
!#...#....##.#.####(#.#
=#...#.8©.##.#.R@H((#.#
.#...#....##.########.#
##...##...##..........#
.....≈##..#############
...8.####.# ......#####
###...≈# YY#...##
..#...≈#


You could see the friendly Eater-of-Dicks the hexer and a minotaur (very
poisoned, ally target).

Vanquished Creatures
  A blizzard demon (Gauntlet)
  Josephine (D:10)
  Nergalle (D:11)
  2 orc knights (Bailey)
  4 elephants (Lair:1)
  A cane toad (Lair:1)
  A rime drake (Lair:1)
  An ice devil (Gauntlet)
  A komodo dragon (D:11)
  3 meliai (Gauntlet)
  12 yaks
  2 wyverns
  2 wraiths (D:10)
  A steam dragon (D:9)
  3 wargs (D:9)
  Edmund (D:5)
  2 acid dragons
  7 orc warriors
  A black bear (D:8)
  3 ice beasts
  2 necrophages (D:7)
  2 ogres
  3 centaurs
  A phantom (D:4)
  4 kobold brigands
  A gnoll sergeant (D:11)
  4 bullfrogs
  3 scorpions
  A wyvern skeleton (D:6)
  4 killer bees (D:10)
  10 wights
  3 howler monkeys
  2 bullfrog zombies (D:5)
  3 centaur zombies
  A bullfrog skeleton (D:5)
  4 hounds
  A gnoll shaman (D:5)
  A jelly (D:3)
  6 orc priests
  Jessica (D:3)
  2 iguanas
  12 orc wizards
  A hound skeleton (D:5)
  11 gnolls
  9 adders
  2 river rats (D:3)
  A white imp (D:7)
  5 worms
  7 dart slugs
  39 orcs
  12 ball pythons
  10 bats
  7 endoplasms
  2 giant cockroaches (D:3)
  3 goblins
  5 hobgoblins
  18 jackals
  5 quokkas
  8 frilled lizards
  19 kobolds
  9 rats
294 creatures vanquished.

Vanquished Creatures (collateral kills)
  A manticore (D:11)
  A centaur zombie (D:10)
  2 trolls
  4 yaks
  4 wraiths
  A sky beast (D:7)
  A bullfrog (Lair:1)
  An orc wizard (D:9)
  A howler monkey zombie (D:7)
  A white imp (D:8)
  9 orcs
  7 kobolds
33 creatures vanquished.

Vanquished Creatures (others)
  3 hexers
  An orc wizard (D:9)
  2 ancestors
  18 plants
24 creatures vanquished.

Grand Total: 351 creatures vanquished

Notes
Turn   | Place    | Note
-------+----------+-------------------------------------------
     0 | D:1      | siradein the Troll Hunter began the quest for the Orb.
     0 | D:1      | Reached XP level 1. HP: 19/19 MP: 0/0
   100 | D:1      | Reached XP level 2. HP: 28/28 MP: 1/1
   193 | D:1      | Reached skill level 1 in Unarmed Combat
   404 | D:1      | Found Qolel's Assorted Antiques.
   450 | D:1      | Reached XP level 3. HP: 35/35 MP: 2/2
   745 | D:2      | Found a faded altar of an unknown god.
   864 | D:2      | Reached XP level 4. HP: 41/42 MP: 3/3
  1683 | D:3      | Noticed an ogre
  1744 | D:3      | Killed an ogre
  1745 | D:3      | Reached XP level 5. HP: 35/50 MP: 4/4
  1818 | D:3      | Reached XP level 6. HP: 59/59 MP: 5/5
  1852 | D:3      | Noticed Jessica
  1887 | D:3      | Killed Jessica
  1896 | D:3      | Found a glowing drain.
  1901 | Sewer    | Entered a sewer
  3239 | D:4      | Reached XP level 7. HP: 56/67 MP: 6/6
  3449 | D:4      | Reached skill level 5 in Throwing
  3696 | D:5      | Entered Level 5 of the Dungeon
  3725 | D:5      | Noticed a fire elemental
  3727 | D:5      | Found a stormy altar of Qazlal.
  3730 | D:5      | Noticed a water elemental
  3730 | D:5      | Noticed an air elemental
  3781 | D:5      | Found a staircase to the Ecumenical Temple.
  3797 | Temple   | Entered the Ecumenical Temple
  3987 | Temple   | Became a worshipper of Hepliaklqana the Forgotten
  4338 | D:5      | Found Ydagracw's Distillery.
  4497 | D:6      | Noticed Edmund
  4521 | D:5      | Reached XP level 8. HP: 66/74 MP: 7/7
  4529 | D:5      | Killed Edmund
  4719 | D:5      | Reached skill level 5 in Unarmed Combat
  5012 | D:6      | Reached skill level 5 in Dodging
  5101 | D:6      | Reached skill level 5 in Fighting
  5189 | D:6      | Found Xewodd's Assorted Antiques.
  5330 | D:6      | Reached * piety under Hepliaklqana
  5360 | D:6      | Reached XP level 9. HP: 74/79 MP: 8/8
  5915 | D:7      | Found a runed translucent gate.
  5915 | D:7      | Found a runed translucent gate.
  5915 | D:7      | Noticed indyram44's ghost (novice DsGl)
  5916 | D:7      | Found a runed translucent gate.
  5917 | D:7      | Noticed a kobold demonologist
  6168 | D:8      | Found Igrithroe's Jewellery Boutique.
  6173 | D:8      | Found Newyzya's Magic Scroll Shoppe.
  6182 | D:8      | Found Yteidull's Weapon Boutique.
  6279 | D:8      | Found a flagged portal.
  6288 | Bailey   | Entered a bailey
  6443 | Bailey   | Reached ** piety under Hepliaklqana
  6444 | Bailey   | Remembered your ancestor Eater-of-Dicks as a hexer
  6581 | Bailey   | Noticed an orc knight
  6581 | Bailey   | Noticed an orc knight
  6664 | Bailey   | Killed an orc knight
  6693 | Bailey   | Killed an orc knight
  6694 | Bailey   | Reached XP level 10. HP: 88/88 MP: 9/9
  6945 | D:8      | Found Ruseg's Assorted Antiques.
  7021 | D:8      | Found Biluwaf's Armour Shoppe.
  7342 | D:8      | Found Atwumih's Antique Armour Emporium.
  7419 | D:8      | Identified Rites and Rhymes Continued
  7730 | D:9      | Found a staircase to the Lair.
  7755 | D:9      | Reached skill level 1 in Armour
  8098 | D:10     | Entered Level 10 of the Dungeon
  8303 | D:10     | Reached *** piety under Hepliaklqana
  8374 | D:10     | Reached XP level 11. HP: 98/98 MP: 10/10
  8712 | D:10     | Noticed Josephine
  8723 | D:10     | Killed Josephine
  9122 | D:11     | Reached skill level 1 in Invocations
  9161 | D:11     | Noticed Nergalle
  9181 | D:11     | Killed Nergalle
  9434 | D:11     | Found a hazy altar of Hepliaklqana.
  9731 | D:11     | Reached **** piety under Hepliaklqana
  9951 | Lair:1   | Entered Level 1 of the Lair of Beasts
 10029 | Lair:1   | Found a gate leading to a gauntlet.
 10214 | Gauntlet | Entered a Gauntlet
 10214 | Gauntlet | Found a transporter.
 10223 | Gauntlet | Found a transporter.
 10235 | Gauntlet | Found a transporter.
 10239 | Gauntlet | Found a transporter.
 10241 | Gauntlet | Noticed a blizzard demon
 10249 | Gauntlet | Found a transporter.
 10269 | Gauntlet | Found a transporter.
 10271 | Gauntlet | Noticed a white ugly thing
 10276 | Gauntlet | Noticed a great orb of eyes
 10282 | Gauntlet | Found a transporter.
 10288 | Gauntlet | Noticed a dire elephant
 10302 | Gauntlet | Found a transporter.
 10306 | Gauntlet | Found a transporter.
 10314 | Gauntlet | Found a transporter.
 10344 | Gauntlet | Found a transporter.
 10344 | Gauntlet | Found a transporter.
 10470 | Gauntlet | Reached XP level 12. HP: 8/107 MP: 13/13
 10586 | Gauntlet | Killed a blizzard demon
 10610 | Gauntlet | Identified the ring of Modesty {rN++ Will+ Slay-2}
 10676 | Gauntlet | Noticed a minotaur
 11157 | Gauntlet | HP: 4/107 [minotaur's headbutt (3)]
 11157 | Gauntlet | Demolished by a minotaur

Illustrated notes

Levels and vault maps discovered:
D:1:      evilmike_arrival_crescent, layout_basic, serial_shops, shop_fountains,
          minivault_26, hex_large
D:2:      layout_basic, ebering_ecumenical_altar_mist
D:3:      layout_loops_ring, portal_sewer_entry_e, uniq_jessica
D:4:      layout_loops_ring
D:5:      layout_rooms, nicolae_qazlal_style_of_elements,
          minmay_temple_entry_drinking_statues, serial_shops, shop,
          minmay_fountain_box, st_stairs_13
D:6:      layout_loops_ring, serial_shops, kennysheep_little_box, uniq_edmund
D:7:      layout_rooms, gammafunk_ghost_nasty_kobolds
D:8:      layout_loops_cross, enter_bailey_8, serial_shops, shop,
          kennysheep_mini_moat, shop, shop, shop, kennysheep_windowed_goal
D:9:      layout_big_octagon, erik_lair_orcish_takeover, abandoned_shop,
          skrybe_limestone_x
D:10:     layout_irregular_city, uniq_josephine
D:11:     layout_basic, nicolae_hepliaklqana_hippocampus, uniq_nergalle
Temple:   minmay_crystal_snake_temple
Lair:1:   layout_roguey, gauntlet_entry_generic, kennysheep_abandoned_house,
          lemuel_fruit_fields
Gauntlet: minmay_gauntlet_mixed_oops_all_seconds
          [minmay_gauntlet_arena_77_block_sizes,
          gammafunk_gauntlet_arena_crates, minmay_gauntlet_arena_77_squiggly,
          nicolae_gauntlet_arena_t_cross,
          minmay_gauntlet_arena_77_hold_the_fort,
          gammafunk_gauntlet_arena_corners, gauntlet_exit_spiral]

Skill      XL: |  1  2  3  4  5  6  7  8  9 10 11 12 |
---------------+-------------------------------------+-----
Unarmed Combat | 1 2 3 4 5 7 8 9 |  9.4
Fighting       | 2 3 4 5 6 7 8 |  8.0
Dodging        | 2 3 4 5 6 7 8 |  8.1
Throwing       | 4 5 6 7 8 9 |  9.4
Armour         | 2 4 |  4.5
Invocations    | 2 3 |  3.1
Stealth        | |  0.3

Action                   |  1- 3 |  4- 6 |  7- 9 | 10-12 || total
-------------------------+-------+-------+-------+-------++-------
Melee: Unarmed           |   126 |   268 |   343 |   431 ||  1168
       Punch             |       |     4 |     9 |    19 ||    32
 Fire: Hunting sling     |       |    26 |   117 |    36 ||   179
Throw: Dart              |       |       |       |     4 ||     4
Invok: Ancestor Life: He |       |       |     1 |       ||     1
       Recall Ancestor   |       |       |       |     1 ||     1
       Ancestor Identity |       |       |       |     1 ||     1
  Use: Scroll            |       |       |     7 |     7 ||    14
       Potion            |       |       |       |     6 ||     6
 Stab: Sleeping          |     2 |       |     1 |       ||     3
       Distracted        |       |       |     1 |     3 ||     4
       Confused          |       |       |       |     7 ||     7
Armor: Robe              |    60 |    82 |    91 |       ||   233
       Ice dragon scales |       |       |       |   105 ||   105
       Troll leather arm |       |       |       |    58 ||    58
Dodge: Dodged            |    83 |   106 |   186 |   218 ||   593

Table legend: (Time is in decaauts)
 A = Elapsed time spent in this place.
 B = Non-inter-level travel time spent in this place.
 C = Inter-level travel time spent in this place.
 D = Time resting spent in this place.
 E = Time spent auto-exploring this place.
 F = Levels seen in this place.
 G = Mean time per level.
                   A        B        C        D        E       F      G
               +--------+--------+--------+--------+--------+-----+--------+
         Total |  11237 |  10998 |    239 |    604 |   7109 |  16 |  702.3 |
       Dungeon |   8412 |   8194 |    218 |    101 |   5706 |  11 |  764.7 |
        Temple |    211 |    190 |     21 |      0 |    169 |   1 |  211.0 |
          Lair |    252 |    252 |      0 |      8 |    117 |   1 |  252.0 |
         Sewer |    836 |    836 |      0 |      0 |    566 |   1 |  836.0 |
        Bailey |    586 |    586 |      0 |      6 |    280 |   1 |  586.0 |
      Gauntlet |    937 |    937 |      0 |    489 |    270 |   1 |  937.0 |
               +--------+--------+--------+--------+--------+-----+--------+

Top non-repeatable levels by time:
    D:11: 985 daAuts
Gauntlet: 937 daAuts
     D:5: 894 daAuts
     D:3: 850 daAuts
   Sewer: 836 daAuts
     D:8: 818 daAuts
    D:10: 808 daAuts
     D:6: 783 daAuts
     D:2: 772 daAuts
     D:4: 760 daAuts
     D:1: 649 daAuts
  Bailey: 586 daAuts
     D:9: 548 daAuts
     D:7: 539 daAuts
  Lair:1: 252 daAuts
